Map: Cyber Forest LE

Players

GhostlyDude

  • Race: Zerg Zerg
  • Spawn Location: 5:00

MechaCaulk - Winner!

  • Race: Zerg Zerg
  • League: Platinum
  • Spawn Location: 11:00

VOD

Have the link to the VOD?

Description

Time

  • Played on: April 30, 2019, 2:51 a.m.
  • Length: 22:56
Show
View Real Time Build Order
Export as new Build Order

GhostlyDude Zerg 

Build Orders: Pool First 

Get SALT Encoding   

  12  0:01  Drone  
  13  0:12  Overlord  
  13  0:18  Drone  
  14  0:30  Extractor  
  14  0:31  Drone  
  14  0:33  Drone  
  15  0:37  Drone  
  16  0:45  Drone  
  17  0:58  Spawning Pool, Drone  
  17  1:07  Drone  
  18  1:25  Hatchery  
  17  1:32  Drone x2  
  19  1:40  Overlord  
  19  1:51  Zergling x2  
  20  1:56  Queen  
  22  2:02  Metabolic Boost  
  22  2:10  Drone  
  23  2:18  Drone  
  24  2:24  Baneling Nest  
  24  2:25  Drone  
  24  2:37  Queen  
  24  2:39  Drone x2  
  28  3:00  Drone  
  28  3:01  Drone x3  
  32  3:08  Zergling x8  
  36  3:21  Overlord  
  36  3:26  Roach Warren  
  35  3:38  Overlord  
  35  3:42  Zergling x2  
  35  3:43  Zergling x12  
  42  3:49  Zergling x4  
  42  3:51  Overlord  
  35  4:11  Zergling x10  
  23  4:36  Baneling  
  23  4:44  Zergling x8  
  23  4:45  Queen, Zergling x4  
  30  4:53  Queen  
  32  5:01  Zergling x8  
  32  5:02  Zergling x2  
  32  5:04  Roach  
  39  5:34  Roach x4  
  39  5:35  Roach  
  49  5:36  Baneling  
  49  5:39  Baneling  
  49  5:45  Roach x2  
  49  6:16  Zergling x2  
  49  6:17  Zergling x14  
  44  6:42  Baneling  
  44  6:43  Baneling x5  
  44  6:45  Roach x3  
  44  6:46  Roach x2  
  47  7:19  Zergling x2  
  47  7:20  Zergling x16  
  49  7:37  Zergling x2  
  49  7:38  Zergling x2  
  51  7:44  Drone  
  51  7:45  Drone  
  53  8:03  Baneling  
  53  8:04  Baneling x6  
  51  8:10  Baneling x4  
  51  8:11  Baneling  
  34  8:44  Drone x4  
  34  8:45  Drone x7  
  34  8:46  Drone  
  42  9:01  Hatchery  
  41  9:03  Drone x3  
  44  9:15  Extractor  
  43  9:17  Extractor  
  42  9:26  Roach x2  
  42  9:27  Roach x4  
  54  9:53  Zergling x12  
  54  9:54  Overlord  
  60  10:10  Overlord x2  
  60  10:12  Queen  
  63  10:28  Drone x3  
  63  10:29  Drone x7  
  72  10:37  Hatchery  
  71  10:43  Queen  
  72  11:02  Roach x4  
  72  11:03  Roach x2  
  84  11:08  Lair  
  84  11:10  Drone x2  
  86  11:50  Drone x3  
  86  11:53  Extractor  
  88  12:00  Extractor  
  87  12:12  Glial Reconstitution  
  87  12:18  Hydralisk Den  
  87  12:21  Roach x4  
  94  12:23  Overlord x4  
  94  12:24  Overlord x2  
  94  12:33  Evolution Chamber  
  93  12:37  Evolution Chamber  
  92  12:47  Hydralisk x7  
  92  12:48  Hydralisk x4  
  92  12:49  Hydralisk x3  
  120  13:13  Extractor  
  120  13:15  Spine Crawler  
  115  13:27  Spore Crawler, Hydralisk x5  
  122  13:34  Spore Crawler  
  121  13:41  Hydralisk x2  
  121  13:44  Zergling x28  
  121  13:45  Zergling x8  
  141  14:05  Queen  
  141  14:09  Zerg Ground Armor Level 1  
  143  14:16  Overlord  
  143  14:17  Overlord x2  
  84  14:56  Roach x4  
  84  14:57  Roach, Hydralisk x6  
  99  15:00  Zergling x8  
  98  15:21  Zergling x10, Hydralisk x2  
  86  15:56  Grooved Spines  
  74  16:12  Hatchery  
  73  16:35  Hydralisk x4  
  73  16:36  Hydralisk x3  
  73  16:38  Zergling x4  
  73  16:39  Zergling x14  
  96  16:51  Zergling x8  
  93  17:24  Zergling x2  
  93  17:25  Zergling x2, Hydralisk x3  
  93  17:27  Zergling x6  
  93  17:28  Zergling x2  
  105  17:35  Queen  
  74  18:03  Zergling x12  
  74  18:04  Zergling x12  
  81  18:06  Hydralisk  
  83  18:23  Burrow  
  83  18:32  Zergling x2  
  83  18:33  Zergling x6  
  83  18:34  Baneling, Hatchery  
  86  18:49  Zergling x2  
  86  18:50  Zergling x12  
  93  19:08  Baneling x2  
  93  19:10  Hydralisk x3  
  93  19:12  Roach  
  101  19:20  Drone x3  
  102  19:38  Baneling x2  
  102  19:39  Baneling x3  
  91  20:00  Hydralisk x3  
  91  20:01  Zergling x2  
  91  20:02  Zergling x16  
  63  20:33  Zergling x2  
  63  20:34  Zergling x26  
  66  20:54  Hydralisk x4  
  67  21:13  Hydralisk  
  67  21:14  Hydralisk x2  
  67  21:15  Zergling x4  
  74  21:52  Hydralisk x5  
  69  22:24  Zergling x12  
  69  22:25  Zergling x24  
  69  22:29  Hydralisk  
Show
View Real Time Build Order
Export as new Build Order

MechaCaulk Zerg - Winner!

Build Orders: Pool First 

Get SALT Encoding   

  12  0:01  Drone  
  13  0:13  Overlord  
  13  0:17  Drone  
  14  0:31  Drone  
  14  0:32  Drone  
  14  0:35  Drone  
  17  0:48  Spawning Pool  
  17  0:49  Drone  
  17  1:06  Extractor  
  16  1:16  Hatchery  
  15  1:22  Drone x2  
  15  1:25  Drone  
  18  1:33  Overlord  
  18  1:44  Queen  
  20  1:55  Zergling x4  
  22  2:07  Zergling x2  
  23  2:13  Metabolic Boost  
  23  2:23  Queen  
  23  2:26  Zergling x2  
  23  2:28  Zergling x2  
  23  2:29  Zergling x2  
  28  2:38  Zergling x2  
  28  2:43  Zergling x2  
  30  2:47  Queen  
  32  2:53  Overlord  
  32  2:55  Zergling x2  
  33  2:59  Zergling x2  
  33  3:01  Zergling x2  
  35  3:11  Zergling x4  
  37  3:20  Zergling x2  
  37  3:24  Zergling x2  
  39  3:35  Zergling x10  
  39  3:40  Overlord x2  
  43  4:09  Zergling x14  
  38  4:17  Zergling x2  
  38  4:18  Zergling x8  
  41  4:27  Zergling x2  
  41  4:29  Zergling x2  
  40  4:44  Drone x4  
  43  4:54  Drone x2  
  45  5:06  Spine Crawler  
  44  5:09  Evolution Chamber  
  44  5:11  Evolution Chamber  
  44  5:12  Drone x2  
  44  5:13  Drone x2  
  46  5:21  Drone  
  47  5:42  Roach Warren  
  46  5:44  Overlord x2  
  46  5:46  Drone x3  
  46  5:49  Extractor  
  48  5:52  Extractor  
  47  6:10  Zergling x6  
  35  6:22  Roach  
  35  6:23  Roach x4  
  35  6:24  Roach x2  
  48  6:38  Roach x2  
  48  6:39  Roach  
  51  6:59  Roach x5  
  46  7:21  Roach x4  
  48  7:37  Zergling x10  
  48  7:43  Drone x2  
  53  8:02  Spine Crawler  
  52  8:14  Roach x4  
  52  8:15  Roach  
  52  8:16  Drone  
  63  8:21  Drone  
  63  8:23  Drone  
  64  8:30  Roach  
  40  8:41  Roach  
  40  8:42  Roach  
  40  8:48  Drone x4  
  48  9:06  Drone x4  
  52  9:18  Lair  
  52  9:22  Extractor, Drone x4  
  59  9:38  Roach x3  
  61  9:55  Zergling x6  
  61  9:56  Overlord  
  61  9:59  Hatchery  
  63  10:04  Queen  
  65  10:32  Roach x5  
  75  10:36  Zerg Melee Weapons Level 1  
  75  10:46  Queen  
  74  11:03  Queen, Spire  
  75  11:14  Overlord x3  
  75  11:16  Drone x4  
  79  11:34  Drone x6  
  85  11:54  Overlord x2  
  85  11:55  Drone x4  
  85  11:59  Drone  
  85  12:00  Extractor, Drone  
  90  12:06  Extractor  
  89  12:18  Mutalisk  
  89  12:19  Mutalisk x6  
  103  12:23  Drone  
  104  12:33  Zerg Melee Weapons Level 2  
  104  12:34  Drone  
  104  12:35  Drone x2  
  107  12:46  Drone x8  
  115  12:59  Hatchery  
  115  13:00  Overlord  
  114  13:06  Roach x2  
  114  13:07  Roach  
  120  13:19  Zergling x2  
  122  13:20  Zergling x12  
  127  13:28  Baneling Nest  
  127  13:33  Zergling x8  
  130  13:44  Overlord x3  
  130  13:53  Roach  
  128  14:02  Roach x3  
  134  14:03  Roach  
  134  14:10  Zergling x6  
  134  14:12  Roach x7  
  134  14:14  Baneling x2  
  134  14:15  Baneling x8  
  134  14:16  Baneling x6  
  151  14:17  Baneling  
  151  14:29  Roach  
  148  14:45  Roach x6  
  135  14:46  Roach x4  
  135  14:49  Roach  
  119  14:56  Drone x2  
  119  15:06  Drone x3  
  119  15:07  Drone  
  123  15:10  Drone  
  124  15:26  Glial Reconstitution  
  102  15:41  Roach x4  
  102  15:42  Roach x3  
  108  15:49  Roach x3  
  88  15:55  Zergling x4  
  88  15:56  Zergling x2  
  67  16:04  Zergling x6  
  69  16:12  Zergling x2  
  69  16:18  Baneling x6  
  69  16:19  Zergling x4  
  69  16:23  Zergling x2  
  69  16:25  Baneling x2  
  72  16:28  Zergling x2  
  72  16:29  Zergling x2  
  72  16:31  Baneling x4  
  74  16:41  Drone x3  
  74  16:44  Baneling x4  
  74  16:45  Baneling x4  
  81  17:01  Roach x4  
  81  17:06  Roach x2  
  83  17:23  Roach x5  
  83  17:24  Roach  
  95  17:40  Roach x5  
  95  17:43  Zergling x2  
  94  18:02  Roach x6  
  94  18:05  Ravager x5  
  106  18:06  Ravager x5  
  106  18:08  Drone  
  106  18:09  Zergling x2  
  106  18:11  Baneling  
  114  18:12  Baneling  
  114  18:29  Zerg Missile Weapons Level 1  
  114  18:51  Hatchery  
  113  18:56  Extractor  
  113  18:57  Extractor  
  113  18:59  Zergling x2  
  113  19:00  Zergling x4  
  114  19:03  Overlord x3  
  114  19:09  Zerg Ground Armor Level 1  
  114  19:18  Centrifical Hooks  
  114  19:20  Zergling x2, Nydus Network  
  114  19:21  Zergling x4  
  114  19:22  Zergling x8  
  119  19:35  Roach x6  
  119  19:36  Roach x3  
  129  19:59  Roach x5  
  136  20:11  Roach x2  
  136  20:12  Roach  
  139  20:21  Roach x7  
  122  20:22  Roach  
  113  20:29  Zergling x10  
  100  20:40  Drone  
  100  20:41  Drone x5  
  100  21:04  Roach x5  
  100  21:05  Roach  
  102  21:14  Zergling x16  
  102  21:15  Zergling x2  
  109  21:39  Ravager x4  
  115  21:40  Ravager x4  
  115  21:45  Baneling x2  
  115  21:46  Baneling  
  116  21:48  Zergling x8  
  116  21:49  Zergling x14  
  116  21:52  Drone  
  116  21:53  Drone x2  
  130  21:57  Extractor  
  130  21:59  Extractor  
  123  22:19  Baneling  
  123  22:20  Baneling x7  
  123  22:21  Baneling x8  
  118  22:24  Zergling x8  
  118  22:25  Zergling x4, Drone x2  
  118  22:26  Drone  
  127  22:32  Roach x2  
Tags
 
Add a new tag
Caveats
  • Supply blocks, unpowered buildings, or Contaminate may cause inaccurate times.
  • Supply counts are checked every 10 seconds.